 Dungeon Crawl Stone Soup version 0.15-a0-717-ga3c592f (webtiles) character file.

1317 PolkaDot the Conjurer (level 8, -14/53 HPs)
             Began as a Vampire Conjurer on May 10, 2014.
             Was an Initiate of Gozag.
             Demolished by an ogre
             ... wielding a +0,+0 giant club
              (23 damage)
             ... on Level 6 of the Dungeon.
             The game lasted 00:27:23 (6670 turns).

PolkaDot the Conjurer (Vampire Conjurer)            Turns: 6670, Time: 00:27:23

HP -14/53        AC  7     Str  7      XL: 8   Next: 33%
MP   5/13        EV 13     Int 19      God: Gozag
Gold 312         SH  0     Dex 16      Spells:  3 memorised,  4 levels left

rFire  . . .     SeeInvis +     d - +1,+3 dagger
rCold  + + +     Clarity  .     y - +1 robe {MR+}
rNeg   + + +     Conserve .     (no shield)
rPois  +         rCorr    .     s - +1 helmet
rElec  .         rRot     +     (no cloak)
SustAb . .       Spirit   .     g - +0 pair of gloves (curse)
rMut   .         Warding  .     (no boots)
Gourm  .         Stasis   .     (no amulet)
MR     ++...                    o - ring of protection from magic
                                v - ring of protection from cold

@: non-regenerating, very resistant to hostile enchantments, fairly stealthy
A: bottle blood, fangs 3, rugged brown scales 1, see invisible, agile 1, (blink
0), unbreathing
a: Bat Form, Bottle Blood, Potion Petition, Call Merchant, Bribe Branch,
Renounce Religion


You were on level 6 of the Dungeon.
You worshipped Gozag.
Gozag was noncommittal.
You were bloodless.

You visited 1 branch of the dungeon, and saw 7 of its levels.

You collected 497 gold pieces.
You paid 185 gold pieces to Gozag.

Inventory:

Hand weapons
 d - a +1,+3 dagger (weapon)
Armour
 g - a cursed +0 pair of gloves (worn)
 s - a +1 helmet (worn)
 y - a +1 robe of magic resistance (worn)
Scrolls
 e - 3 scrolls of enchant armour
 f - a scroll of random uselessness {unknown}
 h - a scroll of acquirement {unknown}
 l - 4 scrolls of remove curse
 p - 3 scrolls of enchant weapon II
 t - a scroll of fog {unknown}
 w - a scroll of amnesia
Jewellery
 j - a +2 ring of strength
 o - a ring of protection from magic (right hand)
 q - an uncursed ring of sustain abilities
 v - a ring of protection from cold (left hand)
Potions
 a - a potion of mutation {!q}
 b - a potion of brilliance
 i - a potion of might
 k - a potion of haste
 m - 4 potions of curing
 u - 2 potions of heal wounds {unknown}
 z - a potion of berserk rage {unknown}
Books
 c - a book of Conjurations

   Spells                             Type                      Level
   *Magic Dart                        Conjuration                  1
   *Searing Ray                       Conjuration                  2
   Dazzling Spray                     Conjuration/Hexes            3
   Fulminant Prism                    Conjuration/Hexes            4
   *Iskenderun's Mystic Blast         Conjuration                  4
   Iskenderun's Battlesphere          Conjuration/Charms           5
 r - a book of Frost

   Spells                             Type                      Level
   Freeze                             Ice                          1
   Throw Frost                        Conjuration/Ice              2
   Ozocubu's Armour                   Charms/Ice                   3
   Throw Icicle                       Conjuration/Ice              4
   Summon Ice Beast                   Ice/Summoning                4
   Condensation Shield                Ice                          4


   Skills:
 - Level 2.1 Dodging
 - Level 3.0 Stealth
 - Level 2.0 Spellcasting
 * Level 8.4 Conjurations


You had 4 spell levels left.
You knew the following spells:

 Your Spells              Type           Power        Failure   Level  Hunger
a - Magic Dart            Conj           ####         1%          1    #......
d - Iskenderun's Mystic   Conj           ####....     8%          4    #####..
s - Searing Ray           Conj           ####..       1%          2    ##.....


Dungeon Overview and Level Annotations

Branches:
Dungeon (7/15)             Temple (0/1) D:6

Altars:
Ashenzari
Cheibriados
Gozag
Kikubaaqudgha
Nemelex Xobeh
Qazlal
The Shining One

Shops:
D:6 *


Innate Abilities, Weirdness & Mutations

You do not heal naturally.
You can bottle blood from corpses.
You have razor-sharp teeth.*
You have supernaturally acute eyesight.
You can survive without breathing.*
You are partially covered in rugged brown scales (AC +1, +3% HP).*
You are agile. (Dex +2)
((You can translocate small distances at will.))+


Message History

Confirm with . or Enter, or press ? or * to list all spells.
Aiming: Iskenderun's Mystic Blast
Press: ? - help, Shift-Dir - straight line, f/p - ogre
Aim: an ogre, wielding a giant club (moderately wounded)
You miscast Iskenderun's Mystic Blast.
You are very lightly contaminated with residual magic.
Sparks fly from your hands!
* * * LOW MAGIC WARNING * * *
Drink which item? (? for menu, Esc to quit)
Okay, then.
Adjust (i)tems, (s)pells, or (a)bilities?
Adjust which ability?
No such ability.
Okay, then.
The ogre hits you with a giant club!
* * * LOW HITPOINT WARNING * * *
Your magical contamination has completely faded away.
The ogre hits you with a giant club!
You die...
Your body crumbles into a pile of gold.

#.#.#####.#####..........# #.
#...# #..............###.# #.
##### #########......# #.# #.
#......# #.####. #.....##
#......
##############.....#########.
#............................
#.####################.####..
#...........@O.......#.# #..
#.#[.(#...#...#%..#..#.# #..
#.[................._#.# ##.
###...#...#...#...#..#.# #.
#...................#.# #.
#####################.# #.
#.........# #. #..#..##### #.
#..#..# #.


You could see an ogre.

Vanquished Creatures
  2 ice beasts
  2 ogres (D:6)
  A phantom (D:6)
  A gnoll sergeant (D:6)
  A scorpion (D:6)
  4 wights (D:6)
  2 jellies (D:6)
  2 electric eels (D:6)
  A goliath beetle (D:6)
  A big fish (D:6)
  3 worker ants
  An orc wizard (D:7)
  Jessica (D:3)
  An ogre skeleton (D:6)
  Terence (D:2)
  7 adders
  4 gnolls (D:6)
  4 worms
  An inept feature mimic (D:2)
  An adder zombie (D:6)
  11 giant geckos
  An ooze (D:1)
  3 orcs
  12 bats
  8 giant cockroaches
  7 goblins
  13 hobgoblins
  10 jackals
  9 kobolds
  3 quokkas
  A ball python (D:1)
  4 giant newts
  2 hobgoblin zombies (D:6)
  7 rats
  2 plants (D:2)
134 creatures vanquished.

Notes
Turn   | Place    | Note
--------------------------------------------------------------
     0 | D:1      | PolkaDot, the Vampire Conjurer, began the quest for the Orb.
     0 | D:1      | Reached XP level 1. HP: 13/13 MP: 3/3
   173 | D:1      | Reached XP level 2. HP: 19/19 MP: 0/4
   967 | D:2      | Reached XP level 3. HP: 17/24 MP: 6/6
   977 | D:2      | Learned a level 2 spell: Searing Ray
  1038 | D:2      | Gained mutation: You are agile. (Dex +2) [potion of beneficial mutation]
  1039 | D:2      | Gained mutation: You are partially covered in rugged brown scales (AC +1, +3% HP). [potion of beneficial mutation]
  1042 | D:2      | Reached skill level 4 in Conjurations
  1107 | D:2      | Noticed Terence
  1113 | D:2      | Killed Terence
  1210 | D:2      | Reached XP level 4. HP: 30/30 MP: 2/7
  1917 | D:3      | Learned a level 4 spell: Iskenderun's Mystic Blast
  1974 | D:3      | Noticed Jessica
  1986 | D:3      | Killed Jessica
  2038 | D:3      | Found a shattered altar of Ashenzari.
  2846 | D:4      | Reached XP level 5. HP: 36/36 MP: 9/9
  3095 | D:4      | Reached skill level 5 in Conjurations
  3113 | D:4      | Found an ancient bone altar of Kikubaaqudgha.
  3713 | D:5      | Entered Level 5 of the Dungeon
  3848 | D:5      | Found a glowing golden altar of the Shining One.
  3929 | D:5      | Noticed an ice beast
  3971 | D:5      | Killed an ice beast
  3971 | D:5      | Reached XP level 6. HP: 25/42 MP: 1/10
  4427 | D:6      | Found Gozag's Platinum Reserve.
  4431 | D:6      | Found an opulent altar of Gozag.
  4476 | D:6      | Reached skill level 6 in Conjurations
  4714 | D:6      | Became a worshipper of Gozag Ym Sagoz the Greedy
  4882 | D:6      | Reached XP level 7. HP: 47/47 MP: 1/12
  5048 | D:6      | Reached skill level 7 in Conjurations
  5372 | D:6      | Gained mutation: You can translocate small distances at will. [potion of beneficial mutation]
  5401 | D:6      | Reached XP level 8. HP: 19/53 MP: 2/13
  5832 | D:6      | Reached skill level 8 in Conjurations
  5852 | D:6      | Found a snail-covered altar of Cheibriados.
  5874 | D:6      | Found a sparkling altar of Nemelex Xobeh.
  6088 | D:6      | Found a staircase to the Ecumenical Temple.
  6284 | D:6      | Found a stormy altar of Qazlal.
  6670 | D:6      | Demolished by an ogre

Action                   |  1- 3 |  4- 6 |  7- 9 || total
-------------------------+-------+-------+-------++-------
Melee: Dagger            |    63 |   287 |    32 ||   382
       Unarmed           |     3 |       |       ||     3
 Cast: Magic Dart        |    23 |    20 |     6 ||    49
       Searing Ray       |     4 |    22 |    22 ||    48
       Iskenderun's Myst |       |     7 |     8 ||    15
 Abil: End Transformatio |       |     1 |       ||     1
       Bat Form          |       |     1 |       ||     1
  Use: Potion            |     3 |       |     3 ||     6
       Scroll            |       |    17 |     2 ||    19
 Stab: Sleeping          |     5 |     7 |     2 ||    14
